 Dungeon Crawl Stone Soup version 0.31-a0-960-g0fca184906 (webtiles) character file.

Game seed: 1627145220579887147

41 Gelion the Digger (level 3, -1/20 HPs)
             Began as a Gargoyle Earth Elementalist on Oct 24, 2023.
             Slain by a goblin
             ... wielding a +0 club
             ... led by Robin
              (5 damage)
             ... on level 2 of the Dungeon.
             The game lasted 00:04:08 (1159 turns).

Gelion the Digger (Gargoyle Earth Elementalist)     Turns: 1159, Time: 00:04:08

Health: -1/20      AC:  6    Str: 17    XL:     3   Next: 52%
Magic:  0/6        EV: 11    Int: 17    God:
Gold:   31         SH:  0    Dex: 10    Spells: 3/7 levels left

rFire   . . .        f - staff of earth
rCold   . . .        (no shield)
rNeg    + + .        a - +0 robe
rPois   ∞            g - +0 helmet
rElec   +            (no cloak)
rCorr   .            (no gloves)
SInv    .            (no boots)
Will    .....        (no amulet)
Stlth   ++           e - +6 ring of strength
HPRegen 0.23/turn    h - ring of positive energy
MPRegen 0.10/turn

%: no passive effects
@: no status effects
A: sickness immunity, AC +3, negative energy resistance 1, electricity
resistance, torment resistance 1, petrification resistance
a: no special abilities


You were on level 2 of the Dungeon.
You visited 1 branch of the dungeon, and saw 2 of its levels.

You collected 31 gold pieces.

Inventory:

Armour
 a - a +0 robe (worn)
 g - a +0 helmet (worn)
Magical Staves
 f - a staff of earth (weapon)
Jewellery
 e - a +6 ring of strength (left hand)
 h - a ring of positive energy (right hand)
Wands
 i - a wand of polymorph (13)
Scrolls
 d - a scroll of teleportation {unknown}
 j - a scroll of fear {unknown}
 k - a scroll of vulnerability {unknown}
 l - 2 scrolls of identify {unknown}
Potions
 b - a potion of magic
 c - 2 potions of curing {unknown}


   Skills:
 + Level 1.2 Fighting
 + Level 0.7 Staves
 - Level 1.5 Dodging
 - Level 2.1 Stealth
 * Level 2.5 Spellcasting
 - Level 1.0 Transmutations
 * Level 4.2 Earth Magic


You had 3 spell levels left.
You knew the following spells:

 Your Spells              Type           Power      Damage    Failure   Level
a - Sandblast             Erth           48%        2d12      3%          1
b - Stone Arrow           Conj/Erth      28%        3d8       22%         3

Your spell library contained the following spells:

 Spells                   Type           Power      Damage    Failure   Level
 Passwall                 Tmut/Erth      13%        N/A       10%         2
 Wereblood                Tmut           5%         N/A       19%         2
 Petrify                  Tmut/Erth      16%        N/A       52%         4
 Brom's Barrelling Bould  Conj/Erth      14%        2d4       58%         4
 Irradiate                Conj/Tmut      1%         3d12      99%         5


Dungeon Overview and Level Annotations

Branches:
Dungeon (2/15)

Altars:

Annotations:
D:2 Robin


Innate Abilities, Weirdness & Mutations

You are immune to sickness and miasma.
Your stone body is resilient. (AC +3)
You are immune to poison.
You resist negative energy. (rN+)
You are resistant to electric shocks. (rElec)
You are resistant to unholy torment.
You are immune to petrification.


Message History

The goblin hits you with a +0 club. Robin hits you but does no damage.
Unknown command.
You closely miss the goblin.
The goblin is severely wounded.
Robin completely misses you. The goblin hits you with a +0 club.
Robin hits you but does no damage.
Casting: Sandblast (safe; 3% risk of failure)
Confirm with . or Enter, or press ? or * to list all spells.
Aiming: Sandblast (safe; 3% risk of failure)
Press: ? - help, Shift-Dir - straight line, f/p - Robin
Aim: Robin, wielding a +1 dagger of speed, wearing a +0 animal skin and wearing a +0 helmet (heavily wounded, 87% to hit)
You feel a surge of power!
The blast of sand misses Robin.
The goblin hits you but does no damage.
Robin hits you with a +1 dagger of speed.
Robin closely misses you. The goblin hits you with a +0 club. Robin misses you.
You barely miss the goblin.
The goblin is severely wounded.
The goblin no longer looks unusually strong.
The goblin closely misses you. Robin hits you but does no damage.
Unknown command.
You barely miss the goblin.
The goblin is severely wounded.
Robin roars a battlecry!
The goblin goes into a battle-frenzy!
The goblin barely misses you.
Robin hits you with a +1 dagger of speed.
* * * LOW HITPOINT WARNING * * *
You hit Robin.
Robin is heavily wounded.
The goblin hits you with a +0 club.
* * * LOW HITPOINT WARNING * * *
Robin hits you with a +1 dagger of speed.
* * * LOW HITPOINT WARNING * * *
The goblin closely misses you.
You hit Robin.
Robin is severely wounded.
Robin says, "Duck!"
Robin barely misses you. Robin hits you but does no damage.
The goblin hits you with a +0 club.
You die...

...###.#...#.....#...## #.#.##.#.
...# #.#...#######...# #.#. #.#.
...# #.#...# #...# #.#. #.#. ...#
#.#...# #...# #.#.##.#. ...#
#.#.#.# #...# #.#..#.#. ...#
#.#.#.# #...####.##.#.#.
######.#.#.## #...........#.##
....##.#.#..######..#####.#......
....##.#.#.....g@g.............##
....##.#.......##########.#.##.#
....#....###.#......... #........
....'...## #.#........# ###.##.##
....#...# #.#..#####.# ......
....#...# #.#......# ####.#
....#.(.# #.#......# #.#
....#...# #.#..gg.## ....#...#
#.#...).......#


You could see Robin and a goblin (strong).

Vanquished Creatures
  A ball python (D:2)
  4 endoplasms (D:1)
  3 giant cockroaches
  8 goblins
  6 hobgoblins
  2 jackals (D:1)
  2 quokkas
  A frilled lizard (D:2)
  5 kobolds
  A rat (D:1)
33 creatures vanquished.

Notes
Turn   | Place    | Note
-------+----------+-------------------------------------------
     0 | D:1      | Gelion the Gargoyle Earth Elementalist began the quest for
                  | the Orb.
     0 | D:1      | Reached XP level 1. HP: 10/10 MP: 3/3
   351 | D:1      | Reached skill level 1 in Transmutations
   351 | D:1      | Reached XP level 2. HP: 16/16 MP: 3/5
   498 | D:1      | Reached skill level 4 in Earth Magic
   561 | D:1      | Found a faded altar of an unknown god.
   809 | D:2      | Reached skill level 1 in Fighting
   813 | D:2      | Reached XP level 3. HP: 20/20 MP: 2/6
   817 | D:2      | Learned a level 3 spell: Stone Arrow
  1137 | D:2      | Noticed Robin
  1159 | D:2      | Slain by a goblin

Illustrated notes

Levels and vault maps discovered:
D:1:      lemuel_arrival_cross, layout_basic,
          ebering_ecumenical_altar_sacrificial, minmay_unequal
D:2:      layout_basic, uniq_robin

Skill      XL: |  1  2 |
---------------+-------+-----
Transmutations | 1 |  1.0
Earth Magic    | 4 |  4.2
Fighting       | 1 |  1.2
Staves         | |  0.7
Dodging        | |  1.5
Stealth        | |  2.1
Spellcasting   | |  2.5

Action                     || total
---------------------------++-------
  Melee: Staff             ||    17
   Cast: Sandblast         ||    42
 Armour: Robe              ||    33
  Dodge: Dodged            ||    21

Table legend: (Time is in decaauts)
 A = Elapsed time spent in this place.
 B = Non-inter-level travel time spent in this place.
 C = Inter-level travel time spent in this place.
 D = Time resting spent in this place.
 E = Time spent auto-exploring this place.
 F = Levels seen in this place.
 G = Mean time per level.
                   A        B        C        D        E       F      G
               +--------+--------+--------+--------+--------+-----+--------+
         Total |   1180 |   1081 |     99 |      0 |    871 |   2 |  590.0 |
       Dungeon |   1180 |   1081 |     99 |      0 |    871 |   2 |  590.0 |
               +--------+--------+--------+--------+--------+-----+--------+

Top non-repeatable levels by time:
     D:1: 811 daAuts
     D:2: 369 daAuts
